Workbook
Name Данные: [1]Тестовый!$F$10:$H$14

Sheet 11.11 Домофония
K1: Приложение №
K2: к Договору подряда №
B4: ПОДРЯДЧИК: | E4: ЗАКАЗЧИК: | J4: ТЕХНИЧЕСКИЙ ЗАКАЗЧИК:
E5: ООО "ЭНКО СТРОЙ" | J5: ООО "Технический заказчик "ЭНКО"
B7: _________________/ | E7: ___________/С.И. Ярков | J7: ___________/С.И. Ярков
A9: Локальный сметный расчет №
A10: Устройство системы Домофония. ГП-72.215
A12: № | B12: Наименование | C12: Марка | D12: Характеристика | E12: Ед. изм. | F12: 72.215 | G12: Кол-во | H12: Цена | I12: Сумма | J12: Примечание | K12: Форма закупа материала
A13: 11 | B13: Внутренние инженерные сети
A14: 11.11 | B14: Устройство домофонии
A15: 11.11.01 | B15: Прокладка КПП, трубы
A16: 11.11.01.00. | B16: Прокладка КПП, трубы | I16: =I17+I20 -> 0
B17: Работа: | I17: =SUM(I18:I19) -> 0
B18: Прокладка КПП | E18: м | F18: =SUM(F21:F26) -> 4499 | G18: =SUM(F18:F18) -> 4499 | H18: =VLOOKUP(B18,СМР!$B$3:$F$6,5,0) -> 0 | I18: =H18*G18 -> 0
B19: Прокладка трубы | E19: м | F19: =SUM(F28:F30) -> 3977 | G19: =SUM(F19:F19) -> 3977 | H19: =VLOOKUP(B19,СМР!$B$3:$F$6,5,0) -> 0 | I19: =H19*G19 -> 0
B20: Материалы: | I20: =SUM(I21:I31) -> 0
B21: Кабель тип 1 | C21: EC-UU004-5E-PVC-GY | D21: NETLAN U/UTP 4 пары, категория 5e, внутренний, PVC, серый, 305м | E21: м. | F21: 270 | G21: =SUM(F21:F21) -> 270 | H21: =VLOOKUP($B21,ТМЦ!$B$3:$J$75,6,0) -> 0 | I21: =H21*G21 -> 0 | K21: =VLOOKUP($B21,ТМЦ!$B$3:$J$75,9,0) -> 0
B22: Кабель тип 2 | D22: силовой ВВГнг(А)-LS 3х2.5 плоский ГОСТ | E22: м. | F22: 38 | G22: =SUM(F22:F22) -> 38 | H22: =VLOOKUP($B22,ТМЦ!$B$3:$J$75,6,0) -> 0 | I22: =H22*G22 -> 0 | K22: =VLOOKUP($B22,ТМЦ!$B$3:$J$75,9,0) -> 0
B23: Кабель тип 3 | D23: UTP Внутренний 4*2*0.48 медь серый PVC | E23: м. | F23: 3773 | G23: =SUM(F23:F23) -> 3773 | H23: =VLOOKUP($B23,ТМЦ!$B$3:$J$75,6,0) -> 0 | I23: =H23*G23 -> 0 | K23: =VLOOKUP($B23,ТМЦ!$B$3:$J$75,9,0) -> 0
B24: Кабель тип 4 | D24: огнестойкий КПСнг(А)-FRHF 1х2х0,5 | E24: м. | F24: 40 | G24: =SUM(F24:F24) -> 40 | H24: =VLOOKUP($B24,ТМЦ!$B$3:$J$75,6,0) -> 0 | I24: =H24*G24 -> 0 | J24: Состав коммутационного шкафа домофонии | K24: =VLOOKUP($B24,ТМЦ!$B$3:$J$75,9,0) -> 0
B25: Кабель тип 5 | D25: оптический негорючий для прокладки в канализацию 4 волокона | E25: м. | F25: 150 | G25: =SUM(F25:F25) -> 150 | H25: =VLOOKUP($B25,ТМЦ!$B$3:$J$75,6,0) -> 0 | I25: =H25*G25 -> 0 | J25: Оптика между домами | K25: =VLOOKUP($B25,ТМЦ!$B$3:$J$75,9,0) -> 0
B26: Кабель тип 6 | D26: ШВВП 2х0,75 белый ГОСТ | E26: м. | F26: 228 | G26: =SUM(F26:F26) -> 228 | H26: =VLOOKUP($B26,ТМЦ!$B$3:$J$75,6,0) -> 0 | I26: =H26*G26 -> 0 | K26: =VLOOKUP($B26,ТМЦ!$B$3:$J$75,9,0) -> 0
B27: Кабель тип 7 | D27: КСПВ 4х0,5 | E27: м. | F27: 48 | G27: =SUM(F27:F27) -> 48 | H27: =VLOOKUP($B27,ТМЦ!$B$3:$J$75,6,0) -> 0 | I27: =H27*G27 -> 0 | K27: =VLOOKUP($B27,ТМЦ!$B$3:$J$75,9,0) -> 0
B28: Труба тип 1 | D28: гофрированная ПВХ 20мм с протяжкой | E28: м. | F28: 423 | G28: =SUM(F28:F28) -> 423 | H28: =VLOOKUP($B28,ТМЦ!$B$3:$J$75,6,0) -> 0 | I28: =H28*G28 -> 0 | J28: 75 метров для оптики | K28: =VLOOKUP($B28,ТМЦ!$B$3:$J$75,9,0) -> 0
B29: Труба тип 2 | C29: ЭРА | D29: ПНД гладкая жесткая, черная, d 20 мм | E29: м. | F29: 12 | G29: =SUM(F29:F29) -> 12 | H29: =VLOOKUP($B29,ТМЦ!$B$3:$J$75,6,0) -> 0 | I29: =H29*G29 -> 0 | K29: =VLOOKUP($B29,ТМЦ!$B$3:$J$75,9,0) -> 0
B30: Труба тип 3 | D30: гофрированная ПНД легкая безгалогенная (HF) зонд д16 | E30: м. | F30: 3542 | G30: =SUM(F30:F30) -> 3542 | H30: =VLOOKUP($B30,ТМЦ!$B$3:$J$75,6,0) -> 0 | I30: =H30*G30 -> 0 | K30: =VLOOKUP($B30,ТМЦ!$B$3:$J$75,9,0) -> 0
B31: Прочие материалы (Крепеж-клипса для труб для монтажного пистолета Промрукав серая D-20, Гвозди по бетону усиленные Toua 3.05x19 мм, под пистолет (1000шт. в пч.), INSTA 100х55 Короб с крышкой(80мм) 100х55мм, Устройство коммутационное УК-ВК/01, Промрукав Коробка распаячная под пистолет 80х80х40 IP66, Клемма DIY YOU PCT-213, быстрозажимной кабельный соединитель, Монтажная лента, Коннектор NETLAN RJ45/8P8C, категория 5e EC-UP8P8C-5E-003-TR-1000, Клей монтажный Peter Paul All in One, 290мл, Дюбель-хомут 5-10мм нейлон (100шт. в пч.)) | E31: % | G31: =I31*100/I17 -> #DIV/0! | I31: =SUM(I32:I44) -> 0
B32: Крепеж-клипса для труб для монтажного пистолета Промрукав серая D-20 | E32: шт. | F32: =F28*2 -> 846 | G32: =SUM(F32:F32) -> 846 | H32: =VLOOKUP($B32,ТМЦ!$B$3:$J$75,6,0) -> 0 | I32: =H32*G32 -> 0 | K32: =VLOOKUP($B32,ТМЦ!$B$3:$J$75,9,0) -> 0
B33: Гвозди по бетону усиленные Toua 3.05x19 мм, под пистолет (1000шт. в пч.) | E33: шт. | F33: =F32 -> 846 | G33: =SUM(F33:F33) -> 846 | H33: =VLOOKUP($B33,ТМЦ!$B$3:$J$75,6,0) -> 0 | I33: =H33*G33 -> 0 | K33: =VLOOKUP($B33,ТМЦ!$B$3:$J$75,9,0) -> 0
B34: INSTA 100х55 Короб с крышкой(80мм) 100х55мм | E34: м. | F34: 4 | G34: =SUM(F34:F34) -> 4 | H34: =VLOOKUP($B34,ТМЦ!$B$3:$J$75,6,0) -> 0 | I34: =H34*G34 -> 0 | K34: =VLOOKUP($B34,ТМЦ!$B$3:$J$75,9,0) -> 0
B35: Промрукав Коробка распаячная под пистолет 80х80х40 IP66 | E35: шт. | F35: 1 | G35: =SUM(F35:F35) -> 1 | H35: =VLOOKUP($B35,ТМЦ!$B$3:$J$75,6,0) -> 0 | I35: =H35*G35 -> 0 | K35: =VLOOKUP($B35,ТМЦ!$B$3:$J$75,9,0) -> 0
B36: Клемма DIY YOU PCT-213, быстрозажимной кабельный соединитель | E36: шт. | F36: 3 | G36: =SUM(F36:F36) -> 3 | H36: =VLOOKUP($B36,ТМЦ!$B$3:$J$75,6,0) -> 0 | I36: =H36*G36 -> 0 | K36: =VLOOKUP($B36,ТМЦ!$B$3:$J$75,9,0) -> 0
B37: Монтажная лента Госкреп волна, 0,55х12 | E37: м. | F37: 4 | G37: =SUM(F37:F37) -> 4 | H37: =VLOOKUP($B37,ТМЦ!$B$3:$J$75,6,0) -> 0 | I37: =H37*G37 -> 0 | K37: =VLOOKUP($B37,ТМЦ!$B$3:$J$75,9,0) -> 0
B38: Монтажная пена Технониколь 240 PROFESSIONAL, огнестойкая, TN528380 | E38: шт. | F38: 1 | G38: =SUM(F38:F38) -> 1 | H38: =VLOOKUP($B38,ТМЦ!$B$3:$J$75,6,0) -> 0 | I38: =H38*G38 -> 0 | K38: =VLOOKUP($B38,ТМЦ!$B$3:$J$75,9,0) -> 0
B39: Монтажная лента текстильная под пистолет | E39: м. | F39: 808 | G39: =SUM(F39:F39) -> 808 | H39: =VLOOKUP($B39,ТМЦ!$B$3:$J$75,6,0) -> 0 | I39: =H39*G39 -> 0 | K39: =VLOOKUP($B39,ТМЦ!$B$3:$J$75,9,0) -> 0
B40: Гвозди по бетону усиленные Toua 3.05x19 мм, под пистолет. (1000шт. в пч.) | E40: шт. | F40: 16553 | G40: =SUM(F40:F40) -> 16553 | H40: =VLOOKUP($B40,ТМЦ!$B$3:$J$75,6,0) -> 0 | I40: =H40*G40 -> 0 | K40: =VLOOKUP($B40,ТМЦ!$B$3:$J$75,9,0) -> 0
B41: Дюбель-хомут 5-10мм нейлон (100шт. в пч.) | E41: шт. | F41: 1020 | G41: =SUM(F41:F41) -> 1020 | H41: =VLOOKUP($B41,ТМЦ!$B$3:$J$75,6,0) -> 0 | I41: =H41*G41 -> 0 | K41: =VLOOKUP($B41,ТМЦ!$B$3:$J$75,9,0) -> 0
B42: Гофрированная труба REXANT ПП 4,6 мм, разрезная, бухтa 5 м/уп. 15-0505 | E42: м. | F42: 1.8 | G42: =SUM(F42:F42) -> 1.8 | H42: =VLOOKUP($B42,ТМЦ!$B$3:$J$75,6,0) -> 0 | I42: =H42*G42 -> 0 | K42: =VLOOKUP($B42,ТМЦ!$B$3:$J$75,9,0) -> 0
B43: Шнур оптический переходной, OS2, SC/UPC-LC/UPC, одинарный, нг(А)-HF, 2мм, желтый, 1м NMF-PC1S2C2-SCU-LCU-001 | E43: шт. | F43: 2 | G43: =SUM(F43:F43) -> 2 | H43: =VLOOKUP($B43,ТМЦ!$B$3:$J$75,6,0) -> 0 | I43: =H43*G43 -> 0 | J43: Оптика между домами | K43: =VLOOKUP($B43,ТМЦ!$B$3:$J$75,9,0) -> 0
B44: Кабель прямого подключения SFP/SFP+ MikroTik XS+DA0001 | E44: шт. | F44: 1 | G44: =SUM(F44:F44) -> 1 | H44: =VLOOKUP($B44,ТМЦ!$B$3:$J$75,6,0) -> 0 | I44: =H44*G44 -> 0 | J44: Оптика между домами | K44: =VLOOKUP($B44,ТМЦ!$B$3:$J$75,9,0) -> 0
A45: 11.11.02 | B45: Установка оборудования
A46: 11.11.02.00. | B46: Установка оборудования | I46: =I47+I49 -> 0
B47: Работа: | I47: =SUM(I48:I48) -> 0
B48: Монтажные работы | E48: комплекс | F48: 1 | G48: =SUM(F48:F48) -> 1 | H48: =VLOOKUP(B48,СМР!$B$3:$F$6,5,0) -> 0 | I48: =H48*G48 -> 0
B49: Материалы: | I49: =SUM(I50:I83) -> 0
B50: Вызывная панель тип 1 | C50: Akuvox X912S | D50: - | E50: шт. | F50: 2 | G50: =SUM(F50:F50) -> 2 | H50: =VLOOKUP($B50,ТМЦ!$B$3:$J$75,6,0) -> 0 | I50: =H50*G50 -> 0 | K50: =VLOOKUP($B50,ТМЦ!$B$3:$J$75,9,0) -> 0
B51: Терминал контроля доступа тип 1 | C51: Akuvox A01S | D51: - | E51: шт. | F51: 3 | G51: =SUM(F51:F51) -> 3 | H51: =VLOOKUP($B51,ТМЦ!$B$3:$J$75,6,0) -> 0 | I51: =H51*G51 -> 0 | K51: =VLOOKUP($B51,ТМЦ!$B$3:$J$75,9,0) -> 0
B52: Замок электромагнитный | C52: - | D52: М2-400 серый (ОЛЭВС) | E52: шт. | F52: 5 | G52: =SUM(F52:F52) -> 5 | H52: =VLOOKUP($B52,ТМЦ!$B$3:$J$75,6,0) -> 0 | I52: =H52*G52 -> 0 | K52: =VLOOKUP($B52,ТМЦ!$B$3:$J$75,9,0) -> 0
B53: Бесконтактная-ИК кнопка выхода тип 1 | C53: - | D53: врезная DR-04 | E53: шт. | F53: 2 | G53: =SUM(F53:F53) -> 2 | H53: =VLOOKUP($B53,ТМЦ!$B$3:$J$75,6,0) -> 0 | I53: =H53*G53 -> 0 | K53: =VLOOKUP($B53,ТМЦ!$B$3:$J$75,9,0) -> 0
B54: Бесконтактная-ИК кнопка выхода тип 2 | C54: - | D54: накладная DR-03 | F54: 3 | G54: =SUM(F54:F54) -> 3 | H54: =VLOOKUP($B54,ТМЦ!$B$3:$J$75,6,0) -> 0 | I54: =H54*G54 -> 0 | K54: =VLOOKUP($B54,ТМЦ!$B$3:$J$75,9,0) -> 0
B55: Коммутатор тип 1 | D55: Тюменский коммутатор Т1008 с защитой коммутации 8*10/100M PoE IEEE 802.3af/at,+2*10/100M uplink RJ45 | E55: шт. | F55: 19 | G55: =SUM(F55:F55) -> 19 | H55: =VLOOKUP($B55,ТМЦ!$B$3:$J$75,6,0) -> 0 | I55: =H55*G55 -> 0 | J55: на жилых этажах | K55: =VLOOKUP($B55,ТМЦ!$B$3:$J$75,9,0) -> 0
B56: Коммутатор тип 2 | D56: Тюменский коммутатор Т1004 с защитой коммутации 4*10/100M PoE IEEE 802.3af/at,+2*10/100M uplink RJ45 | E56: шт. | F56: 1 | G56: =SUM(F56:F56) -> 1 | H56: =VLOOKUP($B56,ТМЦ!$B$3:$J$75,6,0) -> 0 | I56: =H56*G56 -> 0 | J56: на жилых этажах | K56: =VLOOKUP($B56,ТМЦ!$B$3:$J$75,9,0) -> 0
B57: Монитор | C57: Akuvox | D57: IP монитор (интерком-панель) C313S | E57: шт. | F57: 154 | G57: =SUM(F57:F57) -> 154 | H57: =VLOOKUP($B57,ТМЦ!$B$3:$J$75,6,0) -> 0 | I57: =H57*G57 -> 0 | J57: на жилых этажах | K57: =VLOOKUP($B57,ТМЦ!$B$3:$J$75,9,0) -> 0
B58: Бесконтактный брендированный ключ | C58: "СТРАНА КАРТ" | D58: Чип SMARTTAG, кодировка для Akuvox, адаптация реестра UID и клиента для загрузки шаблоном в базу Akuvox, нумерация ключа строго по базе, стикер с номерацией квартиры на каждом ключе | E58: шт. | F58: =F57*3 -> 462 | G58: =SUM(F58:F58) -> 462 | H58: =VLOOKUP($B58,ТМЦ!$B$3:$J$75,6,0) -> 0 | I58: =H58*G58 -> 0 | J58: на жилых этажах | K58: =VLOOKUP($B58,ТМЦ!$B$3:$J$75,9,0) -> 0
B59: Шкаф тип 1 | C59: TFI-246080-MMMM-R-GY | D59: Напольный шкаф серии Lite II 19", цельнометал-е двери, 24U, Ш600хВ1241хГ800мм. | E59: шт. | F59: 1 | G59: =SUM(F59:F59) -> 1 | H59: =VLOOKUP($B59,ТМЦ!$B$3:$J$75,6,0) -> 0 | I59: =H59*G59 -> 0 | J59: Состав коммутационного шкафа домофонии | K59: =VLOOKUP($B59,ТМЦ!$B$3:$J$75,9,0) -> 0
B60: Маршрутизатор | D60: MikroTik RB4011iGS+RM | E60: шт. | F60: 1 | G60: =SUM(F60:F60) -> 1 | H60: =VLOOKUP($B60,ТМЦ!$B$3:$J$75,6,0) -> 0 | I60: =H60*G60 -> 0 | J60: Состав коммутационного шкафа домофонии | K60: =VLOOKUP($B60,ТМЦ!$B$3:$J$75,9,0) -> 0
B61: Коммутатор тип 3 | C61: GL-SW-F005-04P | D61: сетевой PoE коммутатор 4 POE + Uplink | E61: шт. | F61: 1 | G61: =SUM(F61:F61) -> 1 | H61: =VLOOKUP($B61,ТМЦ!$B$3:$J$75,6,0) -> 0 | I61: =H61*G61 -> 0 | J61: Состав коммутационного шкафа домофонии | K61: =VLOOKUP($B61,ТМЦ!$B$3:$J$75,9,0) -> 0
B62: Управляемый коммутатор тип 2 | D62: 24 портаовый (24x100Мбит/с) Origo OS1326 | E62: шт. | F62: 2 | G62: =SUM(F62:F62) -> 2 | H62: =VLOOKUP($B62,ТМЦ!$B$3:$J$75,6,0) -> 0 | I62: =H62*G62 -> 0 | J62: Состав коммутационного шкафа домофонии | K62: =VLOOKUP($B62,ТМЦ!$B$3:$J$75,9,0) -> 0
B63: Патч-панель наборная | C63: 1U NMC-RP24-BLANK-1U-MT | D63: - | E63: шт. | F63: 1 | G63: =SUM(F63:F63) -> 1 | H63: =VLOOKUP($B63,ТМЦ!$B$3:$J$75,6,0) -> 0 | I63: =H63*G63 -> 0 | J63: Состав коммутационного шкафа домофонии | K63: =VLOOKUP($B63,ТМЦ!$B$3:$J$75,9,0) -> 0
B64: Модуль | C64: NMC-KJUD2-FT-WT | D64: Keystone, Кат.5e, RJ45/8P8C, для FT-TOOL, неэкран., белый | E64: шт. | F64: 24 | G64: =SUM(F64:F64) -> 24 | H64: =VLOOKUP($B64,ТМЦ!$B$3:$J$75,6,0) -> 0 | I64: =H64*G64 -> 0 | J64: Состав коммутационного шкафа домофонии | K64: =VLOOKUP($B64,ТМЦ!$B$3:$J$75,9,0) -> 0
B65: Блок электрических розеток | C65: TLK-RSC09-M-04-BK | D65: TLK, 19" на 9 гнезд "евророзетка", 16 A | E65: шт. | F65: 1 | G65: =SUM(F65:F65) -> 1 | H65: =VLOOKUP($B65,ТМЦ!$B$3:$J$75,6,0) -> 0 | I65: =H65*G65 -> 0 | J65: Состав коммутационного шкафа домофонии | K65: =VLOOKUP($B65,ТМЦ!$B$3:$J$75,9,0) -> 0
B66: Органайзер 19", 1U, кольца 58мм, металлический, с крышкой, черный NMC-OK580C-1U-BK | E66: шт. | F66: 4 | G66: =SUM(F66:F66) -> 4 | H66: =VLOOKUP($B66,ТМЦ!$B$3:$J$75,6,0) -> 0 | I66: =H66*G66 -> 0 | J66: Состав коммутационного шкафа домофонии | K66: =VLOOKUP($B66,ТМЦ!$B$3:$J$75,9,0) -> 0
B67: Панель | C67: - | D67: 19" с DIN-рейкой 3U SNR-PDR-19-B (для установки РБД и блоков питания) | E67: шт. | F67: 2 | G67: =SUM(F67:F67) -> 2 | H67: =VLOOKUP($B67,ТМЦ!$B$3:$J$75,6,0) -> 0 | I67: =H67*G67 -> 0 | J67: Состав коммутационного шкафа домофонии | K67: =VLOOKUP($B67,ТМЦ!$B$3:$J$75,9,0) -> 0
B68: Блок питания Mean-Well HDR-30-12 | E68: шт. | F68: 2 | G68: =SUM(F68:F68) -> 2 | H68: =VLOOKUP($B68,ТМЦ!$B$3:$J$75,6,0) -> 0 | I68: =H68*G68 -> 0 | J68: Состав коммутационного шкафа домофонии | K68: =VLOOKUP($B68,ТМЦ!$B$3:$J$75,9,0) -> 0
B69: Блок питания AC-DC DRC-60A, с функцией UPS, 60Вт, 13.8В | E69: шт. | F69: 3 | G69: =SUM(F69:F69) -> 3 | H69: =VLOOKUP($B69,ТМЦ!$B$3:$J$75,6,0) -> 0 | I69: =H69*G69 -> 0 | J69: Состав коммутационного шкафа домофонии | K69: =VLOOKUP($B69,ТМЦ!$B$3:$J$75,9,0) -> 0
B70: Аккумулятор Delta DT 1207 (12V 7Аh) | E70: шт. | F70: 3 | G70: =SUM(F70:F70) -> 3 | H70: =VLOOKUP($B70,ТМЦ!$B$3:$J$75,6,0) -> 0 | I70: =H70*G70 -> 0 | J70: Состав коммутационного шкафа домофонии | K70: =VLOOKUP($B70,ТМЦ!$B$3:$J$75,9,0) -> 0
B71: Автоматический выключатель 1P 5А (В) 4,5kA ВА 47-63 EKF PROxima | E71: шт. | F71: 5 | G71: =SUM(F71:F71) -> 5 | H71: =VLOOKUP($B71,ТМЦ!$B$3:$J$75,6,0) -> 0 | I71: =H71*G71 -> 0 | J71: Состав коммутационного шкафа домофонии | K71: =VLOOKUP($B71,ТМЦ!$B$3:$J$75,9,0) -> 0
B72: Автоматический выключатель 1P 16А (C) 4,5kA ВА 47-63 EKF PROxima | E72: шт. | F72: 1 | G72: =SUM(F72:F72) -> 1 | H72: =VLOOKUP($B72,ТМЦ!$B$3:$J$75,6,0) -> 0 | I72: =H72*G72 -> 0 | J72: Состав коммутационного шкафа домофонии | K72: =VLOOKUP($B72,ТМЦ!$B$3:$J$75,9,0) -> 0
B73: Автоматический выключатель 1P 25А (C) 4,5kA ВА 47-63 EKF PROxima | E73: шт. | F73: 1 | G73: =SUM(F73:F73) -> 1 | H73: =VLOOKUP($B73,ТМЦ!$B$3:$J$75,6,0) -> 0 | I73: =H73*G73 -> 0 | J73: Состав коммутационного шкафа домофонии | K73: =VLOOKUP($B73,ТМЦ!$B$3:$J$75,9,0) -> 0
B74: Распределительный блок РБД-125А 8 контактов 125А ИЭК | E74: шт. | F74: 6 | G74: =SUM(F74:F74) -> 6 | H74: =VLOOKUP($B74,ТМЦ!$B$3:$J$75,6,0) -> 0 | I74: =H74*G74 -> 0 | J74: Состав коммутационного шкафа домофонии | K74: =VLOOKUP($B74,ТМЦ!$B$3:$J$75,9,0) -> 0
B75: Полка фронтальная TLK, 19", 2U, глубиной 400мм, крепеж в комплекте, черная TLK-SHFR-400-BK | E75: шт. | F75: 1 | G75: =SUM(F75:F75) -> 1 | H75: =VLOOKUP($B75,ТМЦ!$B$3:$J$75,6,0) -> 0 | I75: =H75*G75 -> 0 | J75: Состав коммутационного шкафа домофонии | K75: =VLOOKUP($B75,ТМЦ!$B$3:$J$75,9,0) -> 0
B76: Реле 12VDC/10A/240VAC 4PDT (4 переключения) HHC68A-4Z-12D | E76: шт. | F76: 2 | G76: =SUM(F76:F76) -> 2 | H76: =VLOOKUP($B76,ТМЦ!$B$3:$J$75,6,0) -> 0 | I76: =H76*G76 -> 0 | J76: Состав коммутационного шкафа домофонии | K76: =VLOOKUP($B76,ТМЦ!$B$3:$J$75,9,0) -> 0
B77: Колодка реле PTF14A | E77: шт. | F77: 2 | G77: =SUM(F77:F77) -> 2 | H77: =VLOOKUP($B77,ТМЦ!$B$3:$J$75,6,0) -> 0 | I77: =H77*G77 -> 0 | J77: Состав коммутационного шкафа домофонии | K77: =VLOOKUP($B77,ТМЦ!$B$3:$J$75,9,0) -> 0
B78: Camkeeper LINE 2.0 SHC-1-5 диагностика технического состояния IP-устройств | E78: шт. | F78: 1 | G78: =SUM(F78:F78) -> 1 | H78: =VLOOKUP($B78,ТМЦ!$B$3:$J$75,6,0) -> 0 | I78: =H78*G78 -> 0 | J78: Состав коммутационного шкафа домофонии | K78: =VLOOKUP($B78,ТМЦ!$B$3:$J$75,9,0) -> 0
B79: Лицензия Akuvox Cloud Premium | E79: шт. | F79: 1 | G79: =SUM(F79:F79) -> 1 | H79: =VLOOKUP($B79,ТМЦ!$B$3:$J$75,6,0) -> 0 | I79: =H79*G79 -> 0 | J79: Состав коммутационного шкафа домофонии | K79: =VLOOKUP($B79,ТМЦ!$B$3:$J$75,9,0) -> 0
... B82: Оптический кросс NIKOMAX 19" Essential Line, 1U, укомплектованный на 8 портов SC/UPC NMF-RP08SCUS2-WS-ES-1U-GY | E82: шт. | F82: 1 | G82: =SUM(F82:F82) -> 1 | H82: =VLOOKUP($B82,ТМЦ!$B$3:$J$75,6,0) -> 0 | I82: =H82*G82 -> 0 | J82: Оптика между домами | K82: =VLOOKUP($B82,ТМЦ!$B$3:$J$75,9,0) -> 0
B83: Прочие материалы (Коммутационный шнур U/UTP 4-х парный cat.5e 1м LSZH EC-PC4UD55B-BC-LSZH-010-GY-10, Коннектор NETLAN RJ45/8P8C, категория 5e EC-UP8P8C-5E-003-TR-1000, Промрукав Коробка распаячная под пистолет 80х80х40 IP66, Клемма DIY YOU PCT-213, быстрозажимной кабельный соединитель, Распорный дюбель Чапай 8х50, Шуруп-глухарь 6х60, Крепежный комплект TLK (винт, шайба, гайка), Органайзер 19", 1U, кольца 58мм, металлический, с крышкой, черный NMC-OK580C-1U-BK, Монтажная коробка (подрозетник) для выключателей Aqara, Заклепка резьбовая шестигранная с плоским бортом М6 L15,0, Болт М6х25 оцинкованный с внутренним шестигранником, класс прочности 8.8, DIN 912, Установочная коробка Schneider Electric для сплошных стен 68(65)x60 DIY IMT351011 (установка под монитор)) | E83: % | G83: =I83*100/I47 -> #DIV/0! | I83: =SUM(I84:I91) -> 0
B84: Коммутационный шнур U/UTP 4-х парный cat.5e 1м LSZH | E84: шт. | F84: 1 | G84: =SUM(F84:F84) -> 1 | H84: =VLOOKUP($B84,ТМЦ!$B$3:$J$75,6,0) -> 0 | I84: =H84*G84 -> 0 | J84: для Camkeeper | K84: =VLOOKUP($B84,ТМЦ!$B$3:$J$75,9,0) -> 0
B85: Коммутационный шнур U/UTP 4-х парный cat.5e 1м LSZH EC-PC4UD55B-BC-LSZH-010-GY-10 | E85: шт. | F85: 32 | G85: =SUM(F85:F85) -> 32 | H85: =VLOOKUP($B85,ТМЦ!$B$3:$J$75,6,0) -> 0 | I85: =H85*G85 -> 0 | K85: =VLOOKUP($B85,ТМЦ!$B$3:$J$75,9,0) -> 0
B86: Коннектор NETLAN RJ45/8P8C, категория 5e EC-UP8P8C-5E-003-TR-1000 | E86: шт. | F86: 320 | G86: =SUM(F86:F86) -> 320 | H86: =VLOOKUP($B86,ТМЦ!$B$3:$J$75,6,0) -> 0 | I86: =H86*G86 -> 0 | K86: =VLOOKUP($B86,ТМЦ!$B$3:$J$75,9,0) -> 0
B87: Крепежный комплект TLK (винт, шайба, гайка) | E87: шт. | F87: 56 | G87: =SUM(F87:F87) -> 56 | H87: =VLOOKUP($B87,ТМЦ!$B$3:$J$75,6,0) -> 0 | I87: =H87*G87 -> 0 | K87: =VLOOKUP($B87,ТМЦ!$B$3:$J$75,9,0) -> 0
B88: Монтажная коробка (подрозетник) для выключателей Aqara | E88: шт. | F88: 3 | G88: =SUM(F88:F88) -> 3 | H88: =VLOOKUP($B88,ТМЦ!$B$3:$J$75,6,0) -> 0 | I88: =H88*G88 -> 0 | K88: =VLOOKUP($B88,ТМЦ!$B$3:$J$75,9,0) -> 0
B89: Заклепка резьбовая шестигранная с плоским бортом М6 L15,0 | E89: шт. | F89: 10 | G89: =SUM(F89:F89) -> 10 | H89: =VLOOKUP($B89,ТМЦ!$B$3:$J$75,6,0) -> 0 | I89: =H89*G89 -> 0 | K89: =VLOOKUP($B89,ТМЦ!$B$3:$J$75,9,0) -> 0
B90: Болт М6х25 оцинкованный с внутренним шестигранником, класс прочности 8.8, DIN 912 | E90: шт. | F90: 10 | G90: =SUM(F90:F90) -> 10 | H90: =VLOOKUP($B90,ТМЦ!$B$3:$J$75,6,0) -> 0 | I90: =H90*G90 -> 0 | K90: =VLOOKUP($B90,ТМЦ!$B$3:$J$75,9,0) -> 0
B91: Установочная коробка Schneider Electric для сплошных стен 68(65)x60 DIY IMT351011 (установка под монитор) | E91: шт. | F91: 10 | G91: =SUM(F91:F91) -> 10 | H91: =VLOOKUP($B91,ТМЦ!$B$3:$J$75,6,0) -> 0 | I91: =H91*G91 -> 0 | J91: на жилых этажах | K91: =VLOOKUP($B91,ТМЦ!$B$3:$J$75,9,0) -> 0
A92: 11.11.03 | B92: Вертикальные стояки
A93: 11.11.03.00. | B93: Вертикальные стояки | I93: =I94+I97 -> 0
B94: Работа: | I94: =SUM(I95:I96) -> 0
B95: Прокладка КПП | E95: м | F95: =SUM(F98:F99) -> 1422 | G95: =SUM(F95:F95) -> 1422 | H95: =VLOOKUP(B95,СМР!$B$3:$F$6,5,0) -> 0 | I95: =H95*G95 -> 0
B96: Прокладка трубы | E96: м | F96: =SUM(F100:F102) -> 207 | G96: =SUM(F96:F96) -> 207 | H96: =VLOOKUP(B96,СМР!$B$3:$F$6,5,0) -> 0 | I96: =H96*G96 -> 0
B97: Материалы: | I97: =SUM(I98:I104) -> 0
B98: Кабель тип 9 | D98: UTP внутренний LSZH 2*2*0.48 | E98: м. | F98: 1290 | G98: =SUM(F98:F98) -> 1290 | H98: =VLOOKUP($B98,ТМЦ!$B$3:$J$75,6,0) -> 0 | I98: =H98*G98 -> 0 | K98: =VLOOKUP($B98,ТМЦ!$B$3:$J$75,9,0) -> 0
B99: Кабель тип 8 | D99: силовой ВВГнг(А)-LS 3х1.5 плоский ГОСТ | E99: м. | F99: 132 | G99: =SUM(F99:F99) -> 132 | H99: =VLOOKUP($B99,ТМЦ!$B$3:$J$75,6,0) -> 0 | I99: =H99*G99 -> 0 | K99: =VLOOKUP($B99,ТМЦ!$B$3:$J$75,9,0) -> 0
B100: Труба тип 1 | C100: ДКС | D100: гофрированная ПВХ 20мм с протяжкой | E100: м. | F100: =F99 -> 132 | G100: =SUM(F100:F100) -> 132 | H100: =VLOOKUP($B100,ТМЦ!$B$3:$J$75,6,0) -> 0 | I100: =H100*G100 -> 0 | K100: =VLOOKUP($B100,ТМЦ!$B$3:$J$75,9,0) -> 0
B101: Труба тип 4 | D101: гладкая жесткая ПВХ 50 мм легкая серая (3м) | E101: м. | F101: 63 | G101: =SUM(F101:F101) -> 63 | H101: =VLOOKUP($B101,ТМЦ!$B$3:$J$75,6,0) -> 0 | I101: =H101*G101 -> 0 | K101: =VLOOKUP($B101,ТМЦ!$B$3:$J$75,9,0) -> 0
B102: Труба тип 5 | D102: гофрированная ПВХ 50 мм с протяжкой легкая серая | E102: м. | F102: 12 | G102: =SUM(F102:F102) -> 12 | H102: =VLOOKUP($B102,ТМЦ!$B$3:$J$75,6,0) -> 0 | I102: =H102*G102 -> 0 | K102: =VLOOKUP($B102,ТМЦ!$B$3:$J$75,9,0) -> 0
B103: Труба электросварная 76х3,5 | E103: м | F103: =F101/3*0.3 -> 6.3 | G103: =SUM(F103:F103) -> 6.3 | H103: =VLOOKUP($B103,ТМЦ!$B$3:$J$75,6,0) -> 0 | I103: =H103*G103 -> 0 | K103: =VLOOKUP($B103,ТМЦ!$B$3:$J$75,9,0) -> 0
B104: Прочие материалы (Крепеж-клипса для труб для монтажного пистолета Промрукав серая D-20, Промрукав Коробка распаячная под пистолет 80х80х40 IP66, Муфта соединительная для труб ПВХ д.40мм, Скоба металлическая 2-х лапковая с внутр. d 38-40 мм, Скоба металлическая 2-х лапковая с внутр. d 48-50 мм, Клемма DIY YOU PCT-213, быстрозажимной кабельный соединитель, 3 общих проводника L, Розетка накладная с заземлением, Коннектор RJ-45 (8P8C), категория 5е) | G104: =I104*100/I94 -> #DIV/0! | I104: =SUM(I105:I110) -> 0
B105: Крепеж-клипса для труб для монтажного пистолета Промрукав серая D-20 | E105: шт. | F105: =F100*2 -> 264 | G105: =SUM(F105:F105) -> 264 | H105: =VLOOKUP($B105,ТМЦ!$B$3:$J$75,6,0) -> 0 | I105: =H105*G105 -> 0 | K105: =VLOOKUP($B105,ТМЦ!$B$3:$J$75,9,0) -> 0
B106: Промрукав Коробка распаячная под пистолет 80х80х40 IP66 | E106: шт. | F106: 21 | G106: =SUM(F106:F106) -> 21 | H106: =VLOOKUP($B106,ТМЦ!$B$3:$J$75,6,0) -> 0 | I106: =H106*G106 -> 0 | K106: =VLOOKUP($B106,ТМЦ!$B$3:$J$75,9,0) -> 0
...

Sheet СМР
A1: Ведомость объемов работ
A2: № п/п | B2: Наименование | C2: Характеристика | D2: Ед. изм. | E2: Кол-во | F2: Цена | G2: Сумма | H2: Примечание
A3: =ROW()-2 -> 1 | B3: Прокладка КПП | D3: м | E3: =SUMIF('11.11 Домофония'!$B$13:$B$116,СМР!B3,'11.11 Домофония'!$F$13:$F$116) -> 5921 | G3: =F3*E3 -> 0
A4: =ROW()-2 -> 2 | B4: Прокладка трубы | D4: м | E4: =SUMIF('11.11 Домофония'!$B$13:$B$116,СМР!B4,'11.11 Домофония'!$F$13:$F$116) -> 4184 | G4: =F4*E4 -> 0
A5: =ROW()-2 -> 3 | B5: Монтажные работы | D5: комплекс | E5: =SUMIF('11.11 Домофония'!$B$13:$B$116,СМР!B5,'11.11 Домофония'!$F$13:$F$116) -> 1 | G5: =F5*E5 -> 0
A6: =ROW()-2 -> 4 | B6: Пусконаладочные работы | D6: комплекс | E6: =SUMIF('11.11 Домофония'!$B$13:$B$116,СМР!B6,'11.11 Домофония'!$F$13:$F$116) -> 1 | G6: =F6*E6 -> 0
F7: ИТОГО: | G7: =SUM(G3:G6) -> 0
F8: проверка: | G8: =G7-'11.11 Домофония'!I118 -> 0
B10: Примечание:
A11: - | B11: В случае, если один из перечисленных прочих материалов не был использован по факту при производстве работ, заказчик вправе откорректировать процент расходных материалов в актах выполненных работ (формы КС-2, КС-3), уменьшив на сумму исключенного материала.
A12: - | B12: Стоимость СМР учитывает - затраты на все второстепенные материалы и работы необходимые для осуществления полного комплекса работ, включая затраты: обеспечение технической водой для производства работ и бытовых целей; на мобилизацию, аренду и эксплуатацию всех необходимых механизмов, оборудования и инструментов, бытовых помещений и биотуалетов; на подъем материалов и разноску по этажам к местам производства работ; выполнение сопутствующих работ; вывоз мусора; накладные расходы, прибыль организации, налоги и иные издержки Подрядчика. Обеспечение безопасного производства работ на участке.
A13: - | B13: Стоимость материалов учитывает стоимость доставки.

Sheet ТМЦ
A1: Спецификация материалов
A2: № п/п | B2: Наименование | C2: Марка | D2: Характеристика | E2: Ед. изм. | F2: Кол-во | G2: Цена | H2: Сумма | I2: Примечание | J2: Форма закупа материала
A3: =ROW()-2 -> 1 | B3: Труба электросварная 76х3,5 | E3: м | F3: =SUMIF('11.11 Домофония'!$B$13:$B$116,B3,'11.11 Домофония'!$F$13:$F$116) -> 6.3 | H3: =G3*F3 -> 0 | I3: =VLOOKUP(B3,'11.11 Домофония'!$B$13:$J$116,9,0) -> 0
A4: =ROW()-2 -> 2 | B4: Camkeeper LINE 2.0 SHC-1-5 диагностика технического состояния IP-устройств | E4: шт. | F4: =SUMIF('11.11 Домофония'!$B$13:$B$116,B4,'11.11 Домофония'!$F$13:$F$116) -> 1 | H4: =G4*F4 -> 0 | I4: =VLOOKUP(B4,'11.11 Домофония'!$B$13:$J$116,9,0) -> Состав коммутационного шкафа домофонии
A5: =ROW()-2 -> 3 | B5: INSTA 100х55 Короб с крышкой(80мм) 100х55мм | E5: м. | F5: =SUMIF('11.11 Домофония'!$B$13:$B$116,B5,'11.11 Домофония'!$F$13:$F$116) -> 4 | H5: =G5*F5 -> 0 | I5: =VLOOKUP(B5,'11.11 Домофония'!$B$13:$J$116,9,0) -> 0
A6: =ROW()-2 -> 4 | B6: Автоматический выключатель 1P 16А (C) 4,5kA ВА 47-63 EKF PROxima | E6: шт. | F6: =SUMIF('11.11 Домофония'!$B$13:$B$116,B6,'11.11 Домофония'!$F$13:$F$116) -> 1 | H6: =G6*F6 -> 0 | I6: =VLOOKUP(B6,'11.11 Домофония'!$B$13:$J$116,9,0) -> Состав коммутационного шкафа домофонии
A7: =ROW()-2 -> 5 | B7: Автоматический выключатель 1P 25А (C) 4,5kA ВА 47-63 EKF PROxima | E7: шт. | F7: =SUMIF('11.11 Домофония'!$B$13:$B$116,B7,'11.11 Домофония'!$F$13:$F$116) -> 1 | H7: =G7*F7 -> 0 | I7: =VLOOKUP(B7,'11.11 Домофония'!$B$13:$J$116,9,0) -> Состав коммутационного шкафа домофонии
A8: =ROW()-2 -> 6 | B8: Автоматический выключатель 1P 5А (В) 4,5kA ВА 47-63 EKF PROxima | E8: шт. | F8: =SUMIF('11.11 Домофония'!$B$13:$B$116,B8,'11.11 Домофония'!$F$13:$F$116) -> 5 | H8: =G8*F8 -> 0 | I8: =VLOOKUP(B8,'11.11 Домофония'!$B$13:$J$116,9,0) -> Состав коммутационного шкафа домофонии
A9: =ROW()-2 -> 7 | B9: Аккумулятор Delta DT 1207 (12V 7Аh) | E9: шт. | F9: =SUMIF('11.11 Домофония'!$B$13:$B$116,B9,'11.11 Домофония'!$F$13:$F$116) -> 3 | H9: =G9*F9 -> 0 | I9: =VLOOKUP(B9,'11.11 Домофония'!$B$13:$J$116,9,0) -> Состав коммутационного шкафа домофонии
A10: =ROW()-2 -> 8 | B10: Бесконтактная-ИК кнопка выхода тип 1 | C10: - | D10: врезная DR-04 | E10: шт. | F10: =SUMIF('11.11 Домофония'!$B$13:$B$116,B10,'11.11 Домофония'!$F$13:$F$116) -> 2 | H10: =G10*F10 -> 0 | I10: =VLOOKUP(B10,'11.11 Домофония'!$B$13:$J$116,9,0) -> 0
A11: =ROW()-2 -> 9 | B11: Бесконтактная-ИК кнопка выхода тип 2 | C11: - | D11: накладная DR-03 | F11: =SUMIF('11.11 Домофония'!$B$13:$B$116,B11,'11.11 Домофония'!$F$13:$F$116) -> 3 | H11: =G11*F11 -> 0 | I11: =VLOOKUP(B11,'11.11 Домофония'!$B$13:$J$116,9,0) -> 0
A12: =ROW()-2 -> 10 | B12: Бесконтактный брендированный ключ | C12: "СТРАНА КАРТ" | D12: Чип SMARTTAG, кодировка для Akuvox, адаптация реестра UID и клиента для загрузки шаблоном в базу Akuvox, нумерация ключа строго по базе, стикер с номерацией квартиры на каждом ключе | E12: шт. | F12: =SUMIF('11.11 Домофония'!$B$13:$B$116,B12,'11.11 Домофония'!$F$13:$F$116) -> 462 | H12: =G12*F12 -> 0 | I12: =VLOOKUP(B12,'11.11 Домофония'!$B$13:$J$116,9,0) -> на жилых этажах
A13: =ROW()-2 -> 11 | B13: Блок питания AC-DC DRC-60A, с функцией UPS, 60Вт, 13.8В | E13: шт. | F13: =SUMIF('11.11 Домофония'!$B$13:$B$116,B13,'11.11 Домофония'!$F$13:$F$116) -> 3 | H13: =G13*F13 -> 0 | I13: =VLOOKUP(B13,'11.11 Домофония'!$B$13:$J$116,9,0) -> Состав коммутационного шкафа домофонии
A14: =ROW()-2 -> 12 | B14: Блок питания Mean-Well HDR-30-12 | E14: шт. | F14: =SUMIF('11.11 Домофония'!$B$13:$B$116,B14,'11.11 Домофония'!$F$13:$F$116) -> 2 | H14: =G14*F14 -> 0 | I14: =VLOOKUP(B14,'11.11 Домофония'!$B$13:$J$116,9,0) -> Состав коммутационного шкафа домофонии
A15: =ROW()-2 -> 13 | B15: Блок электрических розеток | C15: TLK-RSC09-M-04-BK | D15: TLK, 19" на 9 гнезд "евророзетка", 16 A | E15: шт. | F15: =SUMIF('11.11 Домофония'!$B$13:$B$116,B15,'11.11 Домофония'!$F$13:$F$116) -> 1 | H15: =G15*F15 -> 0 | I15: =VLOOKUP(B15,'11.11 Домофония'!$B$13:$J$116,9,0) -> Состав коммутационного шкафа домофонии
A16: =ROW()-2 -> 14 | B16: Болт М6х25 оцинкованный с внутренним шестигранником, класс прочности 8.8, DIN 912 | E16: шт. | F16: =SUMIF('11.11 Домофония'!$B$13:$B$116,B16,'11.11 Домофония'!$F$13:$F$116) -> 10 | H16: =G16*F16 -> 0 | I16: =VLOOKUP(B16,'11.11 Домофония'!$B$13:$J$116,9,0) -> 0
A17: =ROW()-2 -> 15 | B17: Вызывная панель тип 1 | C17: Akuvox X912S | D17: - | E17: шт. | F17: =SUMIF('11.11 Домофония'!$B$13:$B$116,B17,'11.11 Домофония'!$F$13:$F$116) -> 2 | H17: =G17*F17 -> 0 | I17: =VLOOKUP(B17,'11.11 Домофония'!$B$13:$J$116,9,0) -> 0
A18: =ROW()-2 -> 16 | B18: Гвозди по бетону усиленные Toua 3.05x19 мм, под пистолет (1000шт. в пч.) | E18: шт. | F18: =SUMIF('11.11 Домофония'!$B$13:$B$116,B18,'11.11 Домофония'!$F$13:$F$116) -> 846 | H18: =G18*F18 -> 0 | I18: =VLOOKUP(B18,'11.11 Домофония'!$B$13:$J$116,9,0) -> 0
A19: =ROW()-2 -> 17 | B19: Гвозди по бетону усиленные Toua 3.05x19 мм, под пистолет. (1000шт. в пч.) | E19: шт. | F19: =SUMIF('11.11 Домофония'!$B$13:$B$116,B19,'11.11 Домофония'!$F$13:$F$116) -> 16553 | H19: =G19*F19 -> 0 | I19: =VLOOKUP(B19,'11.11 Домофония'!$B$13:$J$116,9,0) -> 0
A20: =ROW()-2 -> 18 | B20: Гофрированная труба REXANT ПП 4,6 мм, разрезная, бухтa 5 м/уп. 15-0505 | E20: м. | F20: =SUMIF('11.11 Домофония'!$B$13:$B$116,B20,'11.11 Домофония'!$F$13:$F$116) -> 1.8 | H20: =G20*F20 -> 0 | I20: =VLOOKUP(B20,'11.11 Домофония'!$B$13:$J$116,9,0) -> 0
A21: =ROW()-2 -> 19 | B21: Дюбель-хомут 5-10мм нейлон (100шт. в пч.) | E21: шт. | F21: =SUMIF('11.11 Домофония'!$B$13:$B$116,B21,'11.11 Домофония'!$F$13:$F$116) -> 1020 | H21: =G21*F21 -> 0 | I21: =VLOOKUP(B21,'11.11 Домофония'!$B$13:$J$116,9,0) -> 0
A22: =ROW()-2 -> 20 | B22: Заклепка резьбовая шестигранная с плоским бортом М6 L15,0 | E22: шт. | F22: =SUMIF('11.11 Домофония'!$B$13:$B$116,B22,'11.11 Домофония'!$F$13:$F$116) -> 10 | H22: =G22*F22 -> 0 | I22: =VLOOKUP(B22,'11.11 Домофония'!$B$13:$J$116,9,0) -> 0
A23: =ROW()-2 -> 21 | B23: Замок электромагнитный | C23: - | D23: М2-400 серый (ОЛЭВС) | E23: шт. | F23: =SUMIF('11.11 Домофония'!$B$13:$B$116,B23,'11.11 Домофония'!$F$13:$F$116) -> 5 | H23: =G23*F23 -> 0 | I23: =VLOOKUP(B23,'11.11 Домофония'!$B$13:$J$116,9,0) -> 0
A24: =ROW()-2 -> 22 | B24: Кабель прямого подключения SFP/SFP+ MikroTik XS+DA0001 | E24: шт. | F24: =SUMIF('11.11 Домофония'!$B$13:$B$116,B24,'11.11 Домофония'!$F$13:$F$116) -> 1 | H24: =G24*F24 -> 0 | I24: =VLOOKUP(B24,'11.11 Домофония'!$B$13:$J$116,9,0) -> Оптика между домами
A25: =ROW()-2 -> 23 | B25: Кабель тип 1 | C25: EC-UU004-5E-PVC-GY | D25: NETLAN U/UTP 4 пары, категория 5e, внутренний, PVC, серый, 305м | E25: м. | F25: =SUMIF('11.11 Домофония'!$B$13:$B$116,B25,'11.11 Домофония'!$F$13:$F$116) -> 270 | H25: =G25*F25 -> 0 | I25: =VLOOKUP(B25,'11.11 Домофония'!$B$13:$J$116,9,0) -> 0
A26: =ROW()-2 -> 24 | B26: Кабель тип 2 | D26: силовой ВВГнг(А)-LS 3х2.5 плоский ГОСТ | E26: м. | F26: =SUMIF('11.11 Домофония'!$B$13:$B$116,B26,'11.11 Домофония'!$F$13:$F$116) -> 38 | H26: =G26*F26 -> 0 | I26: =VLOOKUP(B26,'11.11 Домофония'!$B$13:$J$116,9,0) -> 0
A27: =ROW()-2 -> 25 | B27: Кабель тип 8 | D27: силовой ВВГнг(А)-LS 3х1.5 плоский ГОСТ | E27: м. | F27: =SUMIF('11.11 Домофония'!$B$13:$B$116,B27,'11.11 Домофония'!$F$13:$F$116) -> 132 | H27: =G27*F27 -> 0 | I27: =VLOOKUP(B27,'11.11 Домофония'!$B$13:$J$116,9,0) -> 0
A28: =ROW()-2 -> 26 | B28: Кабель тип 3 | D28: UTP Внутренний 4*2*0.48 медь серый PVC | E28: м. | F28: =SUMIF('11.11 Домофония'!$B$13:$B$116,B28,'11.11 Домофония'!$F$13:$F$116) -> 3773 | H28: =G28*F28 -> 0 | I28: =VLOOKUP(B28,'11.11 Домофония'!$B$13:$J$116,9,0) -> 0
A29: =ROW()-2 -> 27 | B29: Кабель тип 4 | D29: огнестойкий КПСнг(А)-FRHF 1х2х0,5 | E29: м. | F29: =SUMIF('11.11 Домофония'!$B$13:$B$116,B29,'11.11 Домофония'!$F$13:$F$116) -> 40 | H29: =G29*F29 -> 0 | I29: =VLOOKUP(B29,'11.11 Домофония'!$B$13:$J$116,9,0) -> Состав коммутационного шкафа домофонии
A30: =ROW()-2 -> 28 | B30: Кабель тип 5 | D30: оптический негорючий для прокладки в канализацию 4 волокона | E30: м. | F30: =SUMIF('11.11 Домофония'!$B$13:$B$116,B30,'11.11 Домофония'!$F$13:$F$116) -> 150 | H30: =G30*F30 -> 0 | I30: =VLOOKUP(B30,'11.11 Домофония'!$B$13:$J$116,9,0) -> Оптика между домами
A31: =ROW()-2 -> 29 | B31: Кабель тип 6 | D31: ШВВП 2х0,75 белый ГОСТ | E31: м. | F31: =SUMIF('11.11 Домофония'!$B$13:$B$116,B31,'11.11 Домофония'!$F$13:$F$116) -> 228 | H31: =G31*F31 -> 0 | I31: =VLOOKUP(B31,'11.11 Домофония'!$B$13:$J$116,9,0) -> 0
A32: =ROW()-2 -> 30 | B32: Кабель тип 9 | D32: UTP внутренний LSZH 2*2*0.48 | E32: м. | F32: =SUMIF('11.11 Домофония'!$B$13:$B$116,B32,'11.11 Домофония'!$F$13:$F$116) -> 1290 | H32: =G32*F32 -> 0 | I32: =VLOOKUP(B32,'11.11 Домофония'!$B$13:$J$116,9,0) -> 0
A33: =ROW()-2 -> 31 | B33: Кабель тип 7 | D33: КСПВ 4х0,5 | E33: м. | F33: =SUMIF('11.11 Домофония'!$B$13:$B$116,B33,'11.11 Домофония'!$F$13:$F$116) -> 48 | H33: =G33*F33 -> 0 | I33: =VLOOKUP(B33,'11.11 Домофония'!$B$13:$J$116,9,0) -> 0
A34: =ROW()-2 -> 32 | B34: Клемма DIY YOU PCT-213, быстрозажимной кабельный соединитель | E34: шт. | F34: =SUMIF('11.11 Домофония'!$B$13:$B$116,B34,'11.11 Домофония'!$F$13:$F$116) -> 3 | H34: =G34*F34 -> 0 | I34: =VLOOKUP(B34,'11.11 Домофония'!$B$13:$J$116,9,0) -> 0
A35: =ROW()-2 -> 33 | B35: Клемма DIY YOU PCT-213, быстрозажимной кабельный соединитель, 3 общих проводника L | E35: шт. | F35: =SUMIF('11.11 Домофония'!$B$13:$B$116,B35,'11.11 Домофония'!$F$13:$F$116) -> 63 | H35: =G35*F35 -> 0 | I35: =VLOOKUP(B35,'11.11 Домофония'!$B$13:$J$116,9,0) -> 0
A36: =ROW()-2 -> 34 | B36: Колодка реле PTF14A | E36: шт. | F36: =SUMIF('11.11 Домофония'!$B$13:$B$116,B36,'11.11 Домофония'!$F$13:$F$116) -> 2 | H36: =G36*F36 -> 0 | I36: =VLOOKUP(B36,'11.11 Домофония'!$B$13:$J$116,9,0) -> Состав коммутационного шкафа домофонии
A37: =ROW()-2 -> 35 | B37: Коммутатор тип 1 | D37: Тюменский коммутатор Т1008 с защитой коммутации 8*10/100M PoE IEEE 802.3af/at,+2*10/100M uplink RJ45 | E37: шт. | F37: =SUMIF('11.11 Домофония'!$B$13:$B$116,B37,'11.11 Домофония'!$F$13:$F$116) -> 19 | H37: =G37*F37 -> 0 | I37: =VLOOKUP(B37,'11.11 Домофония'!$B$13:$J$116,9,0) -> на жилых этажах
A38: =ROW()-2 -> 36 | B38: Коммутатор тип 2 | D38: Тюменский коммутатор Т1004 с защитой коммутации 4*10/100M PoE IEEE 802.3af/at,+2*10/100M uplink RJ45 | E38: шт. | F38: =SUMIF('11.11 Домофония'!$B$13:$B$116,B38,'11.11 Домофония'!$F$13:$F$116) -> 1 | H38: =G38*F38 -> 0 | I38: =VLOOKUP(B38,'11.11 Домофония'!$B$13:$J$116,9,0) -> на жилых этажах
A39: =ROW()-2 -> 37 | B39: Коммутатор тип 3 | C39: GL-SW-F005-04P | D39: сетевой PoE коммутатор 4 POE + Uplink | E39: шт. | F39: =SUMIF('11.11 Домофония'!$B$13:$B$116,B39,'11.11 Домофония'!$F$13:$F$116) -> 1 | H39: =G39*F39 -> 0 | I39: =VLOOKUP(B39,'11.11 Домофония'!$B$13:$J$116,9,0) -> Состав коммутационного шкафа домофонии
A40: =ROW()-2 -> 38 | B40: Коммутационный шнур U/UTP 4-х парный cat.5e 1м LSZH | E40: шт. | F40: =SUMIF('11.11 Домофония'!$B$13:$B$116,B40,'11.11 Домофония'!$F$13:$F$116) -> 1 | H40: =G40*F40 -> 0 | I40: =VLOOKUP(B40,'11.11 Домофония'!$B$13:$J$116,9,0) -> для Camkeeper
A41: =ROW()-2 -> 39 | B41: Коммутационный шнур U/UTP 4-х парный cat.5e 1м LSZH EC-PC4UD55B-BC-LSZH-010-GY-10 | E41: шт. | F41: =SUMIF('11.11 Домофония'!$B$13:$B$116,B41,'11.11 Домофония'!$F$13:$F$116) -> 32 | H41: =G41*F41 -> 0 | I41: =VLOOKUP(B41,'11.11 Домофония'!$B$13:$J$116,9,0) -> 0
A42: =ROW()-2 -> 40 | B42: Коннектор NETLAN RJ45/8P8C, категория 5e EC-UP8P8C-5E-003-TR-1000 | E42: шт. | F42: =SUMIF('11.11 Домофония'!$B$13:$B$116,B42,'11.11 Домофония'!$F$13:$F$116) -> 340 | H42: =G42*F42 -> 0 | I42: =VLOOKUP(B42,'11.11 Домофония'!$B$13:$J$116,9,0) -> 0
A43: =ROW()-2 -> 41 | B43: Крепеж-клипса для труб для монтажного пистолета Промрукав серая D-20 | E43: шт. | F43: =SUMIF('11.11 Домофония'!$B$13:$B$116,B43,'11.11 Домофония'!$F$13:$F$116) -> 1110 | H43: =G43*F43 -> 0 | I43: =VLOOKUP(B43,'11.11 Домофония'!$B$13:$J$116,9,0) -> 0
A44: =ROW()-2 -> 42 | B44: Крепежный комплект TLK (винт, шайба, гайка) | E44: шт. | F44: =SUMIF('11.11 Домофония'!$B$13:$B$116,B44,'11.11 Домофония'!$F$13:$F$116) -> 56 | H44: =G44*F44 -> 0 | I44: =VLOOKUP(B44,'11.11 Домофония'!$B$13:$J$116,9,0) -> 0
A45: =ROW()-2 -> 43 | B45: Лицензия Akuvox Cloud Premium | E45: шт. | F45: =SUMIF('11.11 Домофония'!$B$13:$B$116,B45,'11.11 Домофония'!$F$13:$F$116) -> 1 | H45: =G45*F45 -> 0 | I45: =VLOOKUP(B45,'11.11 Домофония'!$B$13:$J$116,9,0) -> Состав коммутационного шкафа домофонии
A46: =ROW()-2 -> 44 | B46: Маршрутизатор | D46: MikroTik RB4011iGS+RM | E46: шт. | F46: =SUMIF('11.11 Домофония'!$B$13:$B$116,B46,'11.11 Домофония'!$F$13:$F$116) -> 1 | H46: =G46*F46 -> 0 | I46: =VLOOKUP(B46,'11.11 Домофония'!$B$13:$J$116,9,0) -> Состав коммутационного шкафа домофонии
A47: =ROW()-2 -> 45 | B47: Модуль | C47: NMC-KJUD2-FT-WT | D47: Keystone, Кат.5e, RJ45/8P8C, для FT-TOOL, неэкран., белый | E47: шт. | F47: =SUMIF('11.11 Домофония'!$B$13:$B$116,B47,'11.11 Домофония'!$F$13:$F$116) -> 24 | H47: =G47*F47 -> 0 | I47: =VLOOKUP(B47,'11.11 Домофония'!$B$13:$J$116,9,0) -> Состав коммутационного шкафа домофонии
A48: =ROW()-2 -> 46 | B48: Монитор | C48: Akuvox | D48: IP монитор (интерком-панель) C313S | E48: шт. | F48: =SUMIF('11.11 Домофония'!$B$13:$B$116,B48,'11.11 Домофония'!$F$13:$F$116) -> 154 | H48: =G48*F48 -> 0 | I48: =VLOOKUP(B48,'11.11 Домофония'!$B$13:$J$116,9,0) -> на жилых этажах
A49: =ROW()-2 -> 47 | B49: Монтажная коробка (подрозетник) для выключателей Aqara | E49: шт. | F49: =SUMIF('11.11 Домофония'!$B$13:$B$116,B49,'11.11 Домофония'!$F$13:$F$116) -> 3 | H49: =G49*F49 -> 0 | I49: =VLOOKUP(B49,'11.11 Домофония'!$B$13:$J$116,9,0) -> 0
A50: =ROW()-2 -> 48 | B50: Монтажная лента Госкреп волна, 0,55х12 | E50: м. | F50: =SUMIF('11.11 Домофония'!$B$13:$B$116,B50,'11.11 Домофония'!$F$13:$F$116) -> 4 | H50: =G50*F50 -> 0 | I50: =VLOOKUP(B50,'11.11 Домофония'!$B$13:$J$116,9,0) -> 0
A51: =ROW()-2 -> 49 | B51: Монтажная лента текстильная под пистолет | E51: м. | F51: =SUMIF('11.11 Домофония'!$B$13:$B$116,B51,'11.11 Домофония'!$F$13:$F$116) -> 808 | H51: =G51*F51 -> 0 | I51: =VLOOKUP(B51,'11.11 Домофония'!$B$13:$J$116,9,0) -> 0
A52: =ROW()-2 -> 50 | B52: Монтажная пена Технониколь 240 PROFESSIONAL, огнестойкая, TN528380 | E52: шт. | F52: =SUMIF('11.11 Домофония'!$B$13:$B$116,B52,'11.11 Домофония'!$F$13:$F$116) -> 1 | H52: =G52*F52 -> 0 | I52: =VLOOKUP(B52,'11.11 Домофония'!$B$13:$J$116,9,0) -> 0
A53: =ROW()-2 -> 51 | B53: Муфта соединительная для труб ПВХ д.50мм | E53: шт. | F53: =SUMIF('11.11 Домофония'!$B$13:$B$116,B53,'11.11 Домофония'!$F$13:$F$116) -> 21 | H53: =G53*F53 -> 0 | I53: =VLOOKUP(B53,'11.11 Домофония'!$B$13:$J$116,9,0) -> 0
A54: =ROW()-2 -> 52 | B54: Одноволоконный модуль OFM330R/3KM | E54: шт. | F54: =SUMIF('11.11 Домофония'!$B$13:$B$116,B54,'11.11 Домофония'!$F$13:$F$116) -> 1 | H54: =G54*F54 -> 0 | I54: =VLOOKUP(B54,'11.11 Домофония'!$B$13:$J$116,9,0) -> Оптика между домами
A55: =ROW()-2 -> 53 | B55: Одноволоконный модуль OFM330T/3KM | E55: шт. | F55: =SUMIF('11.11 Домофония'!$B$13:$B$116,B55,'11.11 Домофония'!$F$13:$F$116) -> 1 | H55: =G55*F55 -> 0 | I55: =VLOOKUP(B55,'11.11 Домофония'!$B$13:$J$116,9,0) -> Оптика между домами
A56: =ROW()-2 -> 54 | B56: Оптический кросс NIKOMAX 19" Essential Line, 1U, укомплектованный на 8 портов SC/UPC NMF-RP08SCUS2-WS-ES-1U-GY | E56: шт. | F56: =SUMIF('11.11 Домофония'!$B$13:$B$116,B56,'11.11 Домофония'!$F$13:$F$116) -> 1 | H56: =G56*F56 -> 0 | I56: =VLOOKUP(B56,'11.11 Домофония'!$B$13:$J$116,9,0) -> Оптика между домами
A57: =ROW()-2 -> 55 | B57: Органайзер 19", 1U, кольца 58мм, металлический, с крышкой, черный NMC-OK580C-1U-BK | E57: шт. | F57: =SUMIF('11.11 Домофония'!$B$13:$B$116,B57,'11.11 Домофония'!$F$13:$F$116) -> 4 | H57: =G57*F57 -> 0 | I57: =VLOOKUP(B57,'11.11 Домофония'!$B$13:$J$116,9,0) -> Состав коммутационного шкафа домофонии
A58: =ROW()-2 -> 56 | B58: Панель | C58: - | D58: 19" с DIN-рейкой 3U SNR-PDR-19-B (для установки РБД и блоков питания) | E58: шт. | F58: =SUMIF('11.11 Домофония'!$B$13:$B$116,B58,'11.11 Домофония'!$F$13:$F$116) -> 2 | H58: =G58*F58 -> 0 | I58: =VLOOKUP(B58,'11.11 Домофония'!$B$13:$J$116,9,0) -> Состав коммутационного шкафа домофонии
A59: =ROW()-2 -> 57 | B59: Патч-панель наборная | C59: 1U NMC-RP24-BLANK-1U-MT | D59: - | E59: шт. | F59: =SUMIF('11.11 Домофония'!$B$13:$B$116,B59,'11.11 Домофония'!$F$13:$F$116) -> 1 | H59: =G59*F59 -> 0 | I59: =VLOOKUP(B59,'11.11 Домофония'!$B$13:$J$116,9,0) -> Состав коммутационного шкафа домофонии
A60: =ROW()-2 -> 58 | B60: Полка фронтальная TLK, 19", 2U, глубиной 400мм, крепеж в комплекте, черная TLK-SHFR-400-BK | E60: шт. | F60: =SUMIF('11.11 Домофония'!$B$13:$B$116,B60,'11.11 Домофония'!$F$13:$F$116) -> 1 | H60: =G60*F60 -> 0 | I60: =VLOOKUP(B60,'11.11 Домофония'!$B$13:$J$116,9,0) -> Состав коммутационного шкафа домофонии
A61: =ROW()-2 -> 59 | B61: Промрукав Коробка распаячная под пистолет 80х80х40 IP66 | E61: шт. | F61: =SUMIF('11.11 Домофония'!$B$13:$B$116,B61,'11.11 Домофония'!$F$13:$F$116) -> 22 | H61: =G61*F61 -> 0 | I61: =VLOOKUP(B61,'11.11 Домофония'!$B$13:$J$116,9,0) -> 0
B62: Распределительный блок РБД-125А 8 контактов 125А ИЭК | E62: шт. | F62: =SUMIF('11.11 Домофония'!$B$13:$B$116,B62,'11.11 Домофония'!$F$13:$F$116) -> 6 | H62: =G62*F62 -> 0 | I62: =VLOOKUP(B62,'11.11 Домофония'!$B$13:$J$116,9,0) -> Состав коммутационного шкафа домофонии
B63: Реле 12VDC/10A/240VAC 4PDT (4 переключения) HHC68A-4Z-12D | E63: шт. | F63: =SUMIF('11.11 Домофония'!$B$13:$B$116,B63,'11.11 Домофония'!$F$13:$F$116) -> 2 | H63: =G63*F63 -> 0 | I63: =VLOOKUP(B63,'11.11 Домофония'!$B$13:$J$116,9,0) -> Состав коммутационного шкафа домофонии
B64: Скоба металлическая 2-х лапковая с внутр. d 48-50 мм | E64: шт. | F64: =SUMIF('11.11 Домофония'!$B$13:$B$116,B64,'11.11 Домофония'!$F$13:$F$116) -> 150 | H64: =G64*F64 -> 0 | I64: =VLOOKUP(B64,'11.11 Домофония'!$B$13:$J$116,9,0) -> 0
B65: Терминал контроля доступа тип 1 | C65: Akuvox A01S | D65: - | E65: шт. | F65: =SUMIF('11.11 Домофония'!$B$13:$B$116,B65,'11.11 Домофония'!$F$13:$F$116) -> 3 | H65: =G65*F65 -> 0 | I65: =VLOOKUP(B65,'11.11 Домофония'!$B$13:$J$116,9,0) -> 0
B66: Труба тип 1 | D66: гофрированная ПВХ 20мм с протяжкой | E66: м. | F66: =SUMIF('11.11 Домофония'!$B$13:$B$116,B66,'11.11 Домофония'!$F$13:$F$116) -> 423 | H66: =G66*F66 -> 0 | I66: =VLOOKUP(B66,'11.11 Домофония'!$B$13:$J$116,9,0) -> 75 метров для оптики
B67: Труба тип 1 | C67: ДКС | D67: гофрированная ПВХ 20мм с протяжкой | E67: м. | F67: =SUMIF('11.11 Домофония'!$B$13:$B$116,B67,'11.11 Домофония'!$F$13:$F$116) -> 132 | H67: =G67*F67 -> 0 | I67: =VLOOKUP(B67,'11.11 Домофония'!$B$13:$J$116,9,0) -> 0
B68: Труба тип 2 | C68: ЭРА | D68: ПНД гладкая жесткая, черная, d 20 мм | E68: м. | F68: =SUMIF('11.11 Домофония'!$B$13:$B$116,B68,'11.11 Домофония'!$F$13:$F$116) -> 12 | H68: =G68*F68 -> 0 | I68: =VLOOKUP(B68,'11.11 Домофония'!$B$13:$J$116,9,0) -> 0
B69: Труба тип 3 | D69: гофрированная ПНД легкая безгалогенная (HF) зонд д16 | E69: м. | F69: =SUMIF('11.11 Домофония'!$B$13:$B$116,B69,'11.11 Домофония'!$F$13:$F$116) -> 3542 | H69: =G69*F69 -> 0 | I69: =VLOOKUP(B69,'11.11 Домофония'!$B$13:$J$116,9,0) -> 0
B70: Труба тип 4 | D70: гладкая жесткая ПВХ 50 мм легкая серая (3м) | E70: м. | F70: =SUMIF('11.11 Домофония'!$B$13:$B$116,B70,'11.11 Домофония'!$F$13:$F$116) -> 63 | H70: =G70*F70 -> 0 | I70: =VLOOKUP(B70,'11.11 Домофония'!$B$13:$J$116,9,0) -> 0
B71: Труба тип 5 | D71: гофрированная ПВХ 50 мм с протяжкой легкая серая | E71: м. | F71: =SUMIF('11.11 Домофония'!$B$13:$B$116,B71,'11.11 Домофония'!$F$13:$F$116) -> 12 | H71: =G71*F71 -> 0 | I71: =VLOOKUP(B71,'11.11 Домофония'!$B$13:$J$116,9,0) -> 0
B72: Управляемый коммутатор тип 2 | D72: 24 портаовый (24x100Мбит/с) Origo OS1326 | E72: шт. | F72: =SUMIF('11.11 Домофония'!$B$13:$B$116,B72,'11.11 Домофония'!$F$13:$F$116) -> 2 | H72: =G72*F72 -> 0 | I72: =VLOOKUP(B72,'11.11 Домофония'!$B$13:$J$116,9,0) -> Состав коммутационного шкафа домофонии
B73: Установочная коробка Schneider Electric для сплошных стен 68(65)x60 DIY IMT351011 (установка под монитор) | E73: шт. | F73: =SUMIF('11.11 Домофония'!$B$13:$B$116,B73,'11.11 Домофония'!$F$13:$F$116) -> 10 | H73: =G73*F73 -> 0 | I73: =VLOOKUP(B73,'11.11 Домофония'!$B$13:$J$116,9,0) -> на жилых этажах
B74: Шкаф тип 1 | C74: TFI-246080-MMMM-R-GY | D74: Напольный шкаф серии Lite II 19", цельнометал-е двери, 24U, Ш600хВ1241хГ800мм. | E74: шт. | F74: =SUMIF('11.11 Домофония'!$B$13:$B$116,B74,'11.11 Домофония'!$F$13:$F$116) -> 1 | H74: =G74*F74 -> 0 | I74: =VLOOKUP(B74,'11.11 Домофония'!$B$13:$J$116,9,0) -> Состав коммутационного шкафа домофонии
B75: Шнур оптический переходной, OS2, SC/UPC-LC/UPC, одинарный, нг(А)-HF, 2мм, желтый, 1м NMF-PC1S2C2-SCU-LCU-001 | E75: шт. | F75: =SUMIF('11.11 Домофония'!$B$13:$B$116,B75,'11.11 Домофония'!$F$13:$F$116) -> 2 | H75: =G75*F75 -> 0 | I75: =VLOOKUP(B75,'11.11 Домофония'!$B$13:$J$116,9,0) -> Оптика между домами
G76: ИТОГО: | H76: =SUM(H3:H75) -> 0
G77: проверка: | H77: =H76-'11.11 Домофония'!I119 -> 0
B79: Примечание:
A80: - | B80: В случае, если один из перечисленных прочих материалов не был использован по факту при производстве работ, заказчик вправе откорректировать процент расходных материалов в актах выполненных работ (формы КС-2, КС-3), уменьшив на сумму исключенного материала.
A81: - | B81: Стоимость СМР учитывает - затраты на все второстепенные материалы и работы необходимые для осуществления полного комплекса работ, включая затраты: обеспечение технической водой для производства работ и бытовых целей; на мобилизацию, аренду и эксплуатацию всех необходимых механизмов, оборудования и инструментов, бытовых помещений и биотуалетов; на подъем материалов и разноску по этажам к местам производства работ; выполнение сопутствующих работ; вывоз мусора; накладные расходы, прибыль организации, налоги и иные издержки Подрядчика. Обеспечение безопасного производства работ на участке.
A82: - | B82: Стоимость материалов учитывает стоимость доставки.
